 Dungeon Crawl Stone Soup version 0.25-a0-1136-gc1285e62ab (webtiles) character file.

Game seed: 17150543931584164694, levelgen mode: deterministic

538 Masnef the Ruffian (level 7, 0/54 HPs)
             Began as a Troll Earth Elementalist on May 21, 2020.
             Slain by an ogre
             ... wielding a +0 giant spiked club
              (17 damage)
             ... on level 4 of the Dungeon on May 23, 2020.
             The game lasted 00:06:57 (2615 turns).

Masnef the Ruffian (Troll Earth Elementalist)       Turns: 2615, Time: 00:06:58

Health: 0/54       AC:  8    Str: 17    XL:     7   Next: 5%
Magic:  8/8        EV: 10    Int: 13    God:
Gold:   253        SH:  0    Dex: 10    Spells: 2/8 levels left

rFire    . . .     SeeInvis .     - Unarmed
rCold    . . .     Gourm    +   (no shield)
rNeg     . . .     Faith    .   c - +0 robe
rPois    .         Spirit   .   (helmet restricted)
rElec    .         Reflect  .   (no cloak)
rCorr    .         Harm     .   (gloves unavailable)
MR       .....     Clarity  +   (boots unavailable)
Stlth    +.........             (no amulet)
HPRegen  0.58/turn              (no ring)
MPRegen  0.11/turn              (no ring)

@: no status effects
A: large, unfitting armour, claws 3, yellow scales 1, clarity, fast metabolism
3, frail 1, gourmand, regeneration 1, shaggy fur 1, tough skin 3
a: no special abilities


You were on level 4 of the Dungeon.
You were completely stuffed.

You visited 1 branch of the dungeon, and saw 4 of its levels.

You collected 253 gold pieces.

Inventory:

Hand Weapons
 r - the +5 flail of Accord {flame, *Slow Str+7}
   (You found it on level 4 of the Dungeon)

   It has been specially enchanted to burn those struck by it, causing extra
   injury to most foes and up to half again as much damage against particularly
   susceptible opponents.
   It affects your strength (+7).
   It may slow you when you take damage.
Missiles
 b - 164 stones (quivered)
 n - 8 javelins
Armour
 c - a +0 robe (worn)
Scrolls
 e - a scroll of magic mapping {unknown}
 f - 5 scrolls of identify {unknown}
 g - 2 scrolls of enchant armour {unknown}
 i - a scroll of enchant weapon {unknown}
 j - a scroll of immolation {unknown}
 o - 2 scrolls of fear {unknown}
 p - 2 scrolls of random uselessness {unknown}
Potions
 k - a potion of flight {unknown}
 l - 2 potions of degeneration {unknown}
 m - a potion of curing {unknown}
 q - a potion of might {unknown}
Comestibles
 d - 9 rations


   Skills:
 + Level 0.9 Fighting
 * Level 1.8 Throwing
 + Level 2.9 Dodging
 - Level 1.0 Stealth
 * Level 5.1 Unarmed Combat
 - Level 1.3 Spellcasting
 - Level 0.6 Transmutations
 * Level 3.7 Earth Magic


You had 2 spell levels left.
You knew the following spells:

 Your Spells              Type           Power        Failure   Level  Hunger
a - Sandblast             Erth           ##....       6%          1    ##.....
b - Passwall              Tmut/Erth      #.......     17%         2    ###....
c - Stone Arrow           Conj/Erth      #.....       36%         3    ####...

Your spell library contained the following spells:

 Spells                   Type           Power        Failure   Level  Hunger
 Petrify                  Tmut/Erth      #.......     73%         4    #####..
 Lee's Rapid Deconstruct  Erth           ##........   85%         5    ######.


Dungeon Overview and Level Annotations

Branches:
Dungeon (4/15)
 Temple: D:4-7

Altars:
Gozag
Makhleb

Annotations:
D:4 Ijyb


Innate Abilities, Weirdness & Mutations

You are too large for most types of armour.
You have claws for hands.
Your metabolism is lightning-fast.
You like to eat raw meat.
Your natural rate of healing is unusually fast.
You are covered in fur. (AC +1)
You have extremely tough skin. (AC +3)
You are partially covered in yellow scales. (AC +2)
You possess an exceptional clarity of mind.
You are frail. (-10% HP)


Message History

Your thoughts seem clearer.
You feel frail.
Yellow scales grow over part of your body.
The ogre hits you with a +0 giant spiked club.
You scratch the ogre.
The ogre is lightly wounded.
You hear a zap.
You hear a grinding noise.
You scratch the ogre but do no damage.
The ogre is lightly wounded.
The ogre hits you with a +0 giant spiked club!!
You scratch the ogre but do no damage.
The ogre is lightly wounded.
The ogre hits you with a +0 giant spiked club!
* * * LOW HITPOINT WARNING * * *
You are too injured to fight recklessly!
You scratch the ogre.
The ogre is lightly wounded.
You claw the ogre!
The ogre is heavily wounded.
The ogre hits you with a +0 giant spiked club!
You die...

######.### #.#
#.# #.# #.#
######.# #.#
#......# ....
#.# #.###### ...
#.# #.# .g# #.#
#.# #..## #.#
#.# #...# #@#
#.#
#...###O###.#
#...#.....#.#
#.#.....#.#
#.......#.#
...............#
#######..#...###
##+#+#.. ..


You could see an ogre.

Vanquished Creatures
  A centaur (D:3)
  A crimson imp (D:2)
  A hound (D:4)
  4 orc wizards
  3 orc priests
  7 adders
  An ooze (D:3)
  2 worms
  2 dart slugs (D:1)
  2 leopard geckos
  22 orcs
  A giant cockroach (D:2)
  14 goblins
  6 hobgoblins
  6 jackals
  6 kobolds
  A ball python (D:3)
  10 bats
  5 frilled lizards
  7 rats
102 creatures vanquished.

Notes
Turn   | Place    | Note
-------+----------+-------------------------------------------
     0 | D:1      | Masnef the Troll Earth Elementalist began the quest for the
                  | Orb.
     0 | D:1      | Reached XP level 1. HP: 16/16 MP: 1/1
    44 | D:1      | Reached XP level 2. HP: 16/24 MP: 3/3
   116 | D:1      | Reached skill level 1 in Unarmed Combat
   421 | D:1      | Reached XP level 3. HP: 31/31 MP: 4/4
  1030 | D:2      | Reached skill level 2 in Unarmed Combat
  1032 | D:2      | Reached XP level 4. HP: 39/39 MP: 5/5
  1183 | D:2      | Found a burning altar of Makhleb.
  1199 | D:2      | Upgraded the game from 0.25-a0-1133-g93ebf739aa to
                  | 0.25-a0-1136-gc1285e62ab
  1219 | D:3      | Noticed a centaur
  1252 | D:2      | Reached skill level 3 in Unarmed Combat
  1252 | D:2      | Reached XP level 5. HP: 38/46 MP: 6/6
  1301 | D:3      | Killed a centaur
  1301 | D:3      | Reached skill level 1 in Throwing
  1548 | D:3      | Reached skill level 4 in Unarmed Combat
  1548 | D:3      | Reached XP level 6. HP: 40/54 MP: 7/7
  1602 | D:3      | Found an opulent altar of Gozag.
  1622 | D:3      | Learned a level 2 spell: Passwall
  1626 | D:3      | Learned a level 3 spell: Stone Arrow
  2463 | D:4      | Reached skill level 5 in Unarmed Combat
  2518 | D:4      | Reached XP level 7. HP: 61/61 MP: 8/8
  2539 | D:4      | Got a smoking flail
  2540 | D:4      | Identified the +5 flail of Accord {flame, *Slow Str+7} (You
                  | found it on level 4 of the Dungeon)
  2603 | D:4      | Noticed Ijyb
  2610 | D:4      | Gained mutation: You possess an exceptional clarity of
                  | mind. [potion of mutation]
  2610 | D:4      | Gained mutation: You are frail. (-10% HP) [potion of
                  | mutation]
  2610 | D:4      | Gained mutation: You are partially covered in yellow
                  | scales. (AC +2) [potion of mutation]
  2615 | D:4      | Slain by an ogre

Illustrated notes

Levels and vault maps discovered:
D:1:      saegor_arrival_miasma, layout_basic, minmay_hexomino_u4
D:2:      layout_basic, makhleb_grotto_becter
D:3:      layout_loops_ring, nicolae_gozag_seed_capital
D:4:      layout_basic, uniq_grinder, uniq_edmund, uniq_ijyb

Skill      XL: |  1  2  3  4  5  6 |
---------------+-------------------+-----
Earth Magic    | 3 |  3.7
Unarmed Combat | 1 2 3 4 5 |  5.1
Dodging        | 2 |  2.9
Throwing       | 1 |  1.8
Fighting       | |  0.9
Stealth        | |  1.0
Spellcasting   | |  1.3
Transmutations | |  0.6

Action                   |  1- 3 |  4- 6 |  7- 9 || total
-------------------------+-------+-------+-------++-------
Melee: Unarmed           |   120 |   187 |     5 ||   312
       Punch             |     1 |     1 |       ||     2
 Cast: Sandblast         |       |     6 |       ||     6
  Use: Potion            |       |       |     1 ||     1
 Stab: Sleeping          |       |     1 |       ||     1
  Eat: Chunk             |    15 |    14 |     1 ||    30
Armor: Robe              |    70 |    88 |       ||   158
Dodge: Dodged            |   110 |   139 |     1 ||   250

Table legend:
 A = Non-vault XP
 B = Vault XP
 C = Vault XP percentage of total XP
 D = Non-vault monster count
 E = Vault monster count
 F = Vault count percentage of total count
                 A         B        C        D         E       F
            +---------+---------+-------+---------+---------+-------
      Total |     713 |      56 |   7.3 |      98 |       4 |   3.9
            +---------+---------+-------+---------+---------+-------
        D:1 |      57 |       6 |   9.5 |      33 |       3 |   8.3
        D:2 |      93 |      50 |  35.0 |      16 |       1 |   5.9
        D:3 |     430 |       0 |   0.0 |      44 |       0 |   0.0
        D:4 |     133 |       0 |   0.0 |       5 |       0 |   0.0
            +---------+---------+-------+---------+---------+-------
